 Dungeon Crawl Stone Soup version 0.24-a0-341-g52ca42d3ec (webtiles) character file.

Game seed: 17484115570863375181

60 Klosterheim the Grasshopper (level 4, -1/40 HPs)
             Began as a Naga Warper on May 20, 2019.
             Slain by an adder (3 damage)
             ... on level 1 of the Dungeon.
             The game lasted 00:05:24 (1043 turns).

Klosterheim the Grasshopper (Naga Warper)           Turns: 1043, Time: 00:05:25

Health: -1/40      AC:  5    Str: 13    XL:     4   Next: 4%
Magic:  7/7        EV:  8    Int: 14    God:
Gold:   34         SH:  3    Dex: 11    Spells: 5/7 levels left

rFire    . . .     SeeInvis +   a - +0 hand axe
rCold    . . .     Gourm    .   l - +0 buckler
rNeg     . . .     Faith    .   g - +1 ring mail {MR+}
rPois    +         Spirit   .   (no helmet)
rElec    .         Reflect  .   (no cloak)
rCorr    .         Harm     .   (no gloves)
MR       ++...                  (no barding)
Stlth    +.........             (no amulet)
HPRegen  0.13/turn              c - ring of protection from magic
MPRegen  0.10/turn              (no ring)

@: about to teleport, very slightly contaminated, very slow
A: large, see invisible, deformed body, poison resistance, slowness 2, slow
metabolism 1, spit poison 1, AC +1
a: Spit Poison


You were on level 1 of the Dungeon.
You were not hungry.

You visited 1 branch of the dungeon, and saw 2 of its levels.

You collected 34 gold pieces.

Inventory:

Hand Weapons
 a - a +0 hand axe (weapon)
Missiles
 e - 5 boomerangs of dispersal (quivered)
Armour
 g - a +1 ring mail of magic resistance (worn)
 l - a +0 buckler (worn)
Jewellery
 c - a ring of protection from magic (left hand)
Scrolls
 i - a scroll of remove curse
 j - a scroll of identify
 k - a scroll of teleportation
Comestibles
 b - 8 chunks of flesh
 f - 4 rations


   Skills:
 + Level 2.4 Fighting
 * Level 3.0 Axes
 - Level 0.8 Throwing
 + Level 1.4 Armour
 + Level 2.1 Dodging
 + Level 0.2 Shields
 - Level 2.0 Spellcasting
 - Level 3.0 Translocations


You had 5 spell levels left.
You knew the following spells:

 Your Spells              Type           Power        Failure   Level  Hunger
a - Blink                 Tloc           N/A          34%         2    ###....

Your spell library contained the following spells:

 Spells                   Type           Power        Failure   Level  Hunger
 Shroud of Golubria       Chrm/Tloc      #.........   54%         2    ###....
 Gell's Gravitas          Tloc           #.........   56%         3    ####...
 Lesser Beckoning         Tloc           #.........   56%         3    ####...
 Teleport Other           Tloc           #.......     56%         3    ####...
 Passage of Golubria      Tloc           N/A          92%         4    #####..


Dungeon Overview and Level Annotations

Branches:
Dungeon (2/15)

Altars:


Innate Abilities, Weirdness & Mutations

You cannot wear boots.
Your serpentine skin is tough. (AC +1)
You have supernaturally acute eyesight. (SInv)
Armour fits poorly on your strangely shaped body.
Your system is resistant to poisons. (rPois)
You cover ground very slowly.
You have a slow metabolism.
You can spit poison.


Message History

* * * LOW HITPOINT WARNING * * *
You feel sick.
* * * LOW HITPOINT WARNING * * *
You feel sick.
Some of the chunks of flesh in your inventory have rotted away.
* * * LOW HITPOINT WARNING * * *
You feel sick.
* * * LOW HITPOINT WARNING * * *
You feel sick.
You are no longer poisoned.
You aren't carrying any potions.
As you read the scroll labeled EROBES REAHUR, it crumbles to dust.
You feel blessed for a moment.
It was a scroll of remove curse.
As you read the scroll labeled NUESUX FOPLI, it crumbles to dust.
It is a scroll of identify.
k - 2 scrolls of teleportation The adder closely misses you.
As you read the scroll of teleportation, it crumbles to dust.
You feel strangely unstable. The adder bites you.
You die...

#.##.# #.# #.# #.........# #.##.#
#.# ###.####.##..###.# #.##.###.#
#...##.S.##......) #........#
#.###>....#..###.#
####.###.######.# #........###.#
#.# #..##.##.###.........##.#
##.# ##.#....#.###...#...###.#
####..####...#..#.......##.####.#
............#.#.@S..............#
####.......#...#.......###.######
#..#######.#######..# #.# #..#
##.......## #..###.#
#..###.........###...##.#
#..##...........##...##.###
##..#.............#........#
###..##.............##..##.#.####
#...#≈#.............#≈#..........


You could see an adder.

Vanquished Creatures
  Jessica (D:1)
  8 bats
  2 giant cockroaches (D:1)
  5 goblins
  5 hobgoblins
  5 kobolds
  A ball python (D:2)
  2 frilled lizards
  4 rats (D:1)
33 creatures vanquished.

Notes
Turn   | Place    | Note
-------+----------+-------------------------------------------
     0 | D:1      | Klosterheim the Naga Warper began the quest for the Orb.
     0 | D:1      | Reached XP level 1. HP: 19/19 MP: 3/3
   253 | D:1      | Reached skill level 1 in Armour
   253 | D:1      | Reached XP level 2. HP: 25/26 MP: 5/5
   683 | D:1      | Learned a level 2 spell: Blink
   893 | D:2      | Reached XP level 3. HP: 32/32 MP: 6/6
   995 | D:2      | Noticed Jessica
  1026 | D:1      | Killed Jessica
  1026 | D:1      | Reached XP level 4. HP: 5/40 MP: 7/7
  1034 | D:1      | HP: 2/40 [poisoned by an adder]
  1039 | D:1      | HP: 1/40 [poisoned by an adder]
  1043 | D:1      | Slain by an adder

Levels and vault maps discovered:
D:1:      psy_arrival_dodecagon, layout_loops_corners
D:2:      layout_rooms, serial_corexii_hall, chequers_hall_statues_corner_a,
          corexii_hall_statues_u, chequers_ecumenical_altar_simple, uniq_jessica

Skill      XL: |  1  2  3 |
---------------+----------+-----
Armour         | 1 |  1.4
Axes           | 3 |  3.0
Dodging        | 2 |  2.1
Fighting       | |  2.4
Throwing       | |  0.8
Shields        | |  0.2
Spellcasting   | |  2.0
Translocations | |  3.0

Action                   |  1- 3 |  4- 6 || total
-------------------------+-------+-------++-------
Melee: Hand axe          |   141 |       ||   141
 Cast: Blink             |     1 |       ||     1
  Use: Potion            |     1 |       ||     1
       Scroll            |       |     5 ||     5
 Stab: Distracted        |     1 |       ||     1
Armor: Chain mail        |    66 |       ||    66
       Ring mail         |    60 |       ||    60
Dodge: Dodged            |    90 |     2 ||    92
Block: Buckler           |    11 |       ||    11

Table legend:
 A = Non-vault XP
 B = Vault XP
 C = Vault XP percentage of total XP
 D = Non-vault monster count
 E = Vault monster count
 F = Vault count percentage of total count
                 A         B        C        D         E       F
            +---------+---------+-------+---------+---------+-------
      Total |      49 |      37 |  43.0 |      32 |       1 |   3.0
            +---------+---------+-------+---------+---------+-------
        D:1 |      35 |      37 |  51.4 |      23 |       1 |   4.2
        D:2 |      14 |       0 |   0.0 |       9 |       0 |   0.0
            +---------+---------+-------+---------+---------+-------
